 Dungeon Sprint DCSS version 0.27-a0-1456-gf5a116941d (webtiles) character file.

Game seed: 6018122073286621760

4 mhtbhm the Skirmisher (level 1, -1/20 HPs)
             Began as a Hill Orc Fighter on July 5, 2021.
             Was an Initiate of Beogh.
             Slain by an ufetubus (3 damage)
             ... while paralysed by a floating eye
             ... in the Dungeon (Sprint VII: "The Pits").
             The game lasted 00:00:17 (90 turns).

mhtbhm the Skirmisher (Hill Orc Fighter)              Turns: 90, Time: 00:00:18

Health: -1/20      AC:  7    Str: 18    XL:     1   Next: 60%
Magic:  1/1        EV:  2    Int:  8    God:    Beogh [......]
Gold:   0          SH:  0    Dex: 10    Spells: 0/0 levels left

rFire    . . .     SeeInvis .   a - +2 hand axe (flame)
rCold    . . .     Faith    .   c - +0 kite shield
rNeg     . . .     Spirit   .   b - +0 scale mail
rPois    .         Reflect  .   (no helmet)
rElec    .         Harm     .   (no cloak)
rCorr    .         Rampage  .   (no gloves)
Will     .....     NoTele   +   (no boots)
Stlth    ..........             (no amulet)
HPRegen  0.06/turn              (no ring)
MPRegen  0.07/turn              (no ring)

@: paralysed
A: no striking features
a: Renounce Religion


You were in the Dungeon.
You worshipped Beogh.
Beogh was noncommittal.
You visited 1 branch

Inventory:

Hand Weapons
 a - a +2 hand axe of flaming (weapon)
Armour
 b - a +0 scale mail (worn)
 c - a +0 kite shield (worn)
Scrolls
 j - a scroll of blinking
 l - 5 scrolls of amnesia
 m - a scroll of summoning
Potions
 d - a potion of might
 e - a potion of curing
 f - a potion of heal wounds
 g - a potion of haste
 h - 4 potions of magic
 i - 3 potions of berserk rage
 k - 2 potions of invisibility


   Skills:
 + Level 4.1 Fighting
 + Level 3.1 Axes
 + Level 3.8 Armour
 + Level 3.8 Shields


You couldn't memorise any spells.
You didn't know any spells.
Your spell library was empty.

Dungeon Overview and Level Annotations

Branches:
Dungeon (1/1)

Altars:
Ashenzari
Cheibriados
Dithmenos
Elyvilon
Fedhas
Gozag
Hepliaklqana
Kikubaaqudgha
Makhleb
Nemelex Xobeh
Okawaru
Qazlal
Ru
Sif Muna
Trog
Uskayaw
Vehumet
Wu Jian
Xom
Yredelemnul
Zin
The Shining One
Beogh
Jiyva
Lugonu


Message History

No target in view!
A floating eye and an ufetubus come into view.
The ufetubus shouts!
The floating eye turns its gaze towards you.
The ufetubus hits you.
The ufetubus hits you but does no damage.
The floating eye's stare focuses on you.
There is an open door here.
Unknown command.
You miss the ufetubus. The ufetubus hits you. The ufetubus closely misses you.
You block the ufetubus's attack.
The ufetubus hits you but does no damage.
You slash the floating eye! You burn the floating eye.
The floating eye is severely wounded.
You closely miss the ufetubus. The ufetubus barely misses you.
The ufetubus hits you but does no damage. x2
The ufetubus closely misses you.
You hit the floating eye. You burn the floating eye.
The floating eye is almost dead.
You hit the ufetubus. You burn the ufetubus. The ufetubus hits you.
You block the ufetubus's attack.
The floating eye gazes piercingly through you!
You suddenly lose the ability to move!
The ufetubus hits you but does no damage.
The ufetubus hits you.
* * * LOW HITPOINT WARNING * * *
The ufetubus hits you but does no damage.
The ufetubus hits you.
* * * LOW HITPOINT WARNING * * *
The floating eye's stare focuses on you.
The ufetubus hits you but does no damage.
The ufetubus hits you.
* * * LOW HITPOINT WARNING * * *
The floating eye gazes piercingly through you!
You shrug off the repeated paralysis!
The ufetubus hits you.
* * * LOW HITPOINT WARNING * * *
The ufetubus hits you but does no damage.
The ufetubus hits you but does no damage.
The ufetubus hits you.
You die...

############
#_________.#
#_________.#
#_______...###########++
##########'##...........
#.?).')))'.##......#..#.
##########.##...........
#...........'...........
#+#####@#####......#..#.
#...5G# #...........
#.....# ####'#####++
###+### #.......#
#.......# #.......#
#...<...# #.......#
#.......#


You could see a floating eye and an ufetubus.

Vanquished Creatures
  An adder zombie (D)
1 creature vanquished.

Notes
Turn   | Place    | Note
-------+----------+-------------------------------------------
     0 | D        | mhtbhm the Hill Orc Fighter began the quest for the Orb.
     0 | D        | Reached XP level 1. HP: 19/19 MP: 1/1
    21 | D        | Reached skill level 4 in Fighting
    25 | D        | Found a bloodstained altar of Trog.
    25 | D        | Found a shimmering blue altar of Sif Muna.
    25 | D        | Found a viscous altar of Jiyva.
    25 | D        | Found a hazy altar of Hepliaklqana.
    25 | D        | Found an opulent altar of Gozag.
    26 | D        | Found a glowing golden altar of the Shining One.
    26 | D        | Found a glowing silver altar of Zin.
    26 | D        | Found a basalt altar of Yredelemnul.
    26 | D        | Found a shimmering altar of Xom.
    26 | D        | Found an ornate altar of the Wu Jian Council.
    26 | D        | Found a sacrificial altar of Ru.
    26 | D        | Found a stormy altar of Qazlal.
    26 | D        | Found an iron altar of Okawaru.
    26 | D        | Found a sparkling altar of Nemelex Xobeh.
    26 | D        | Found a burning altar of Makhleb.
    26 | D        | Found a blossoming altar of Fedhas.
    26 | D        | Found a white marble altar of Elyvilon.
    26 | D        | Found a shadowy altar of Dithmenos.
    26 | D        | Found a snail-covered altar of Cheibriados.
    29 | D        | Found a corrupted altar of Lugonu.
    29 | D        | Found a radiant altar of Vehumet.
    29 | D        | Found a roughly hewn altar of Beogh.
    30 | D        | Found an ancient bone altar of Kikubaaqudgha.
    30 | D        | Found a hide-covered altar of Uskayaw.
    30 | D        | Found a broken altar of Ashenzari.
    40 | D        | Became a worshipper of Beogh the Brigand
    84 | D        | Noticed a floating eye
    87 | D        | Paralysed by a floating eye for 4 turns
    90 | D        | Slain by an ufetubus

Illustrated notes

Levels and vault maps discovered:
D:        pitsprint [storerooms_1, entrance_room_1, metal_vault_1, armoury_2,
          mini_pit_1, grid_room_1, main_hall_1, silver_pit, the_coven_2,
          the_vestibule_1, steel_vault_5, golden_pit, hallway_of_sentries,
          crystal_vault_5, iron_vault_5, final_vault]

Skill      XL: |  1 |
---------------+----+-----
Fighting       | 4 |  4.1
Axes           | 3 |  3.1
Armour         | |  3.8
Shields        | |  3.8

Action                   || total
-------------------------++-------
Melee: War axe           ||     8
       Hand axe          ||     3
Armor: Scale mail        ||    12
Dodge: Dodged            ||     6
Block: Kite shield       ||     7

Table legend: (Time is in decaauts)
 A = Elapsed time spent in this place.
 B = Non-inter-level travel time spent in this place.
 C = Inter-level travel time spent in this place.
 D = Time resting spent in this place.
 E = Time spent auto-exploring this place.
 F = Levels seen in this place.
 G = Mean time per level.
                   A        B        C        D        E       F      G
               +--------+--------+--------+--------+--------+-----+--------+
         Total |     95 |     95 |      0 |      0 |      0 |   1 |   95.0 |
       Dungeon |     95 |     95 |      0 |      0 |      0 |   1 |   95.0 |
               +--------+--------+--------+--------+--------+-----+--------+

Top non-repeatable levels by time:
       D: 95 daAuts
